RedWings vs Avalanche

Created - December 20 2011 at 18:12

Goals
1 2 3 OT1 SO T
RedWings 1 2 1 0 3 4
Avalanche 3 1 0 0 4 5
Shots
1 2 3 OT1 SO T
RedWings 8 17 11 2 8 38
Avalanche 14 5 21 1 8 41

Period #1

1. Avalanche , Daniel Briere 18 (T.J. Oshie, Teemu Selanne) at 0:21
2. Avalanche , Olli Jokinen 5 (Johan Franzen, Kevin Klein) at 0:52
3. RedWings , Sergei Kostitsyn 8 (Ryan Whitney, Keith Yandle) at 13:12
4. Avalanche , Daniel Briere 19 (John Carlson, Johan Franzen) at 18:40 (PP)

Penalties :
Nate Thompson (DET) for Cross-checking (Minor) at 3:27, Kevin Klein (COL) for High sticking (Minor) at 10:03, Ryan Whitney (DET) for Interference (Minor) at 13:29, Eric Brewer (DET) for Roughing (Minor) at 16:42

Period #2

5. RedWings , Alexandre Burrows 16 (Nik Antropov, Ryan Whitney) at 1:37 (PP)
6. Avalanche , Daniel Briere 20 (Milan Hejduk, John Carlson) at 7:52
7. RedWings , Nate Thompson 2 (Ryan Whitney, Alexandre Burrows) at 17:08

Penalties :
Johan Franzen (COL) for Hooking (Minor) at 0:22, Michael Del Zotto (COL) for Roughing (Minor) at 3:20, Daniel Briere (COL) for Hooking (Minor) at 5:09, Michael Del Zotto (COL) for Holding (Minor) at 15:04

Period #3

8. RedWings , Sergei Kostitsyn 9 (Paul Martin, Brian Campbell) at 2:53 (PP)

Penalties :
Paul Mara (COL) for Holding (Minor) at 2:16, Ryan Whitney (DET) for Hooking (Minor) at 8:31, Paul Mara (COL) for Holding (Minor) at 11:58, Kevin Shattenkirk (COL) for Goalie Interference (Minor) at 19:03

Overtime #1

No Goal

Penalties :
No Penalty

Shootout

Penalty Shot by Alexandre Burrows for RedWings - Stopped by Antti Niemi
Penalty Shot by Teemu Selanne for Avalanche - Stopped by Roberto Luongo
Penalty Shot by Zach Parise for RedWings - Goal!
Penalty Shot by Daniel Briere for Avalanche - Stopped by Roberto Luongo
Penalty Shot by Curtis Glencross for RedWings - Shot Misses the Net
Penalty Shot by Milan Hejduk for Avalanche - Goal!
Penalty Shot by Ray Whitney for RedWings - Shot Misses the Net
Penalty Shot by Johan Franzen for Avalanche - Stopped by Roberto Luongo
Penalty Shot by Nik Antropov for RedWings - Stopped by Antti Niemi
Penalty Shot by T.J. Oshie for Avalanche - Stopped by Roberto Luongo
Penalty Shot by Sergei Kostitsyn for RedWings - Goal!
Penalty Shot by Mike Knuble for Avalanche - Goal!
Penalty Shot by Brett Clark for RedWings - Goal!
Penalty Shot by Olli Jokinen for Avalanche - Goal!
Penalty Shot by Eric Brewer for RedWings - Stopped by Antti Niemi
Penalty Shot by Shawn Horcoff for Avalanche - Goal!

Penalties :
No Penalty

Goalie Stats

Roberto Luongo (DET), 37 saves from 41 shots - (0.902), OTL, 23-12-4, 65:00 minutes
Antti Niemi (COL), 33 saves from 37 shots - (0.892), W, 21-10-2, 61:44 minutes
Jhonas Enroth (COL), 1 saves from 1 shots - (1.000), 3:16 minutes

Players Stats

RedWings
Player Name              G  A  P  +/- PIM S  H  SB FO    MP 
------------------------------------------------------------
Alexandre Burrows        1  1  2  -1  0   8  0  0  1/3   21 
Brett Clark              0  0  0   0  0   0  0  0  0/0   1  
Brian Campbell           0  1  1  -1  0   1  1  0  0/0   21 
Curtis Glencross         0  0  0  -1  0   2  1  0  1/3   21 
Eric Brewer              0  0  0   0  2   1  1  4  0/0   17 
Jamie Langenbrunner      0  0  0   0  0   0  2  1  0/0   14 
Keith Yandle             0  1  1   0  0   3  1  1  0/0   25 
Kris Draper              0  0  0   0  0   0  0  0  4/6   6  
Nate Thompson            1  0  1   0  2   3  0  1  9/23  16 
Niclas Bergfors          0  0  0   0  0   0  0  0  0/0   1  
Nik Antropov             0  1  1   0  0   2  1  0  14/30 20 
Paul Martin              0  1  1  -1  0   2  1  1  0/0   25 
Pavel Kubina             0  0  0   0  0   0  2  3  0/0   20 
Ray Whitney              0  0  0   0  0   6  2  0  1/3   22 
Ryan Whitney             0  3  3   0  4   3  0  0  0/0   22 
Sergei Kostitsyn         2  0  2   0  0   3  2  0  1/1   22 
Travis Zajac             0  0  0  -1  0   3  0  0  15/27 21 
Zach Parise              0  0  0   0  0   1  3  0  0/0   18 
Avalanche
Player Name              G  A  P  +/- PIM S  H  SB FO    MP 
------------------------------------------------------------
Bryan Bickell            0  0  0   0  0   0  0  0  1/1   4  
Daniel Briere            3  0  3   2  2   6  1  2  10/21 21 
Jason Demers             0  0  0  -1  0   2  1  3  0/0   23 
Johan Franzen            0  2  2   0  2   5  6  0  1/2   18 
John Carlson             0  2  2   2  0   3  0  1  0/0   24 
Justin Abdelkader        0  0  0   0  0   0  2  0  11/20 10 
Kevin Klein              0  1  1   0  2   1  5  0  0/0   21 
Kevin Shattenkirk        0  0  0   0  2   1  1  0  0/0   21 
Linus Omark              0  0  0  -1  0   2  0  0  1/2   13 
Michael Del Zotto        0  0  0   2  4   0  2  1  0/0   19 
Mike Knuble              0  0  0  -1  0   0  1  1  1/1   18 
Milan Hejduk             0  1  1   1  0   4  0  0  2/5   18 
Olli Jokinen             1  0  1   0  0   4  1  0  5/14  15 
Paul Mara                0  0  0  -1  4   1  1  2  0/0   19 
Shawn Horcoff            0  0  0  -1  0   3  1  0  12/17 13 
T.J. Oshie               0  1  1   1  0   2  1  0  5/9   20 
Teemu Selanne            0  1  1   2  0   6  0  0  1/4   19 
Tomas Kopecky            0  0  0   0  0   1  0  0  0/0   10 

3 Stars

1 - Daniel Briere (COL)
2 - Sergei Kostitsyn (DET)
3 - John Carlson (COL)

Power Play

RedWings - 2 on 8 Attempt(s) - 25.00%
Avalanche - 1 on 4 Attempt(s) - 25.00%

Penalty Kill

RedWings - 3 on 4 Attempt(s) - 75.00% - Score 0 goal in Penalty Kill
Avalanche - 6 on 8 Attempt(s) - 75.00% - Score 0 goal in Penalty Kill

Game Notes

Jhonas Enroth is injured at 3:16 of 1st period (Strained Groin)
Antti Niemi enters game at 3:16 of 1st period
Daniel Briere has scored a Hat Trick!

Finance

Level 1 -- Attendance: 6333 (97.43%) -- Ticket Income $569,970.00
Level 2 -- Attendance: 3682 (73.64%) -- Ticket Income $220,920.00
Level 3 -- Attendance: 2012 (57.49%) -- Ticket Income $90,540.00
Level 4 -- Attendance: 1393 (69.41%) -- Ticket Income $48,755.00
Luxury Box -- Attendance: 745 (74.50%) -- Ticket Income $141,550.00
Game was played at the Pepsi Center
Total Attendance: 14165 (78.66%)
Total Ticket Income: $1,139,974.00
Other Income: $204,658.50
Total Income: $1,344,633.00


Play by Play

Period #1

0:01 of 1st period - Nik Antropov wins face-off versus Daniel Briere in neutral zone.
0:13 of 1st period - T.J. Oshie is hit by Keith Yandle.
0:21 of 1st period - Shot by Daniel Briere.
0:21 of 1st period - Goal by Daniel Briere - RedWings : 0 - Avalanche : 1.
0:22 of 1st period - Travis Zajac wins face-off versus Olli Jokinen in neutral zone.
0:31 of 1st period - Paul Martin is hit by Johan Franzen and loses puck.
0:46 of 1st period - Shot by Olli Jokinen.
0:46 of 1st period - Shot Misses the Net.
0:50 of 1st period - Shot by Johan Franzen.
0:50 of 1st period - Shot Misses the Net.
0:52 of 1st period - Shot by Olli Jokinen.
0:52 of 1st period - Goal by Olli Jokinen - RedWings : 0 - Avalanche : 2.
0:53 of 1st period - Linus Omark wins face-off versus Curtis Glencross in neutral zone.
1:27 of 1st period - Shot by Jamie Langenbrunner.
1:27 of 1st period - Shot Misses the Net.
1:44 of 1st period - Shot by T.J. Oshie.
1:44 of 1st period - Shot Blocked by Eric Brewer.
1:46 of 1st period - Shot by T.J. Oshie.
1:46 of 1st period - Shot Misses the Net.
1:50 of 1st period - Shot by Daniel Briere.
1:50 of 1st period - Shot Misses the Net.
1:52 of 1st period - Shot by Daniel Briere.
1:52 of 1st period - Shot Blocked by Nate Thompson.
1:56 of 1st period - Shot by Daniel Briere.
1:56 of 1st period - Stopped by Roberto Luongo without a rebound.
1:57 of 1st period - Nik Antropov wins face-off versus Olli Jokinen in RedWings zone.
3:16 of 1st period - Shot by Zach Parise.
3:16 of 1st period - Stopped by Jhonas Enroth without a rebound.
3:16 of 1st period - Jhonas Enroth from Avalanche is injured at 3:16 of 1st period (Strained Groin).
3:16 of 1st period - Antti Niemi enters game.
3:17 of 1st period - Mike Knuble wins face-off versus Travis Zajac in Avalanche zone.
3:17 of 1st period - Shawn Horcoff is hit by Zach Parise and loses puck.
3:22 of 1st period - Shot by Zach Parise.
3:22 of 1st period - Shot Blocked by Paul Mara.
3:24 of 1st period - Shot by Alexandre Burrows.
3:24 of 1st period - Shot Misses the Net.
3:26 of 1st period - Shot by Brian Campbell.
3:26 of 1st period - Stopped by Antti Niemi without a rebound.
3:27 of 1st period - Shawn Horcoff wins face-off versus Nate Thompson in Avalanche zone.
3:27 of 1st period - Minor Penalty to Nate Thompson for Cross-checking.
3:28 of 1st period - Alexandre Burrows wins face-off versus Daniel Briere in RedWings zone.
3:54 of 1st period - Icing by John Carlson.
3:55 of 1st period - Curtis Glencross wins face-off versus Daniel Briere in Avalanche zone.
4:28 of 1st period - Shot by Milan Hejduk.
4:28 of 1st period - Stopped by Roberto Luongo without a rebound.
4:29 of 1st period - Kris Draper wins face-off versus Olli Jokinen in RedWings zone.
5:19 of 1st period - Icing by John Carlson.
5:20 of 1st period - Daniel Briere wins face-off versus Ray Whitney in Avalanche zone.
5:25 of 1st period - Shot by Daniel Briere.
5:25 of 1st period - Shot Blocked by Pavel Kubina.
5:59 of 1st period - Icing by Ryan Whitney.
6:00 of 1st period - Justin Abdelkader wins face-off versus Nik Antropov in RedWings zone.
6:21 of 1st period - Jamie Langenbrunner is hit by Justin Abdelkader and loses puck.
6:28 of 1st period - Shot by Eric Brewer.
6:28 of 1st period - Shot Misses the Net.
6:30 of 1st period - Shot by Curtis Glencross.
6:30 of 1st period - Shot Misses the Net.
6:34 of 1st period - Shot by Curtis Glencross.
6:34 of 1st period - Stopped by Antti Niemi without a rebound.
6:35 of 1st period - Travis Zajac wins face-off versus Daniel Briere in Avalanche zone.
7:55 of 1st period - Shot by Milan Hejduk.
7:55 of 1st period - Stopped by Roberto Luongo without a rebound.
7:56 of 1st period - Ray Whitney wins face-off versus Shawn Horcoff in RedWings zone.
7:56 of 1st period - Ray Whitney is hit by Shawn Horcoff.
9:26 of 1st period - Shot by Zach Parise.
9:26 of 1st period - Shot Blocked by Jason Demers.
9:28 of 1st period - Shot by Paul Martin.
9:28 of 1st period - Shot Blocked by Paul Mara.
9:32 of 1st period - Shot by Alexandre Burrows.
9:32 of 1st period - Stopped by Antti Niemi without a rebound.
9:33 of 1st period - Kris Draper wins face-off versus Milan Hejduk in Avalanche zone.
10:03 of 1st period - Minor Penalty to Kevin Klein for High sticking.
10:04 of 1st period - Justin Abdelkader wins face-off versus Travis Zajac in Avalanche zone.
10:15 of 1st period - Shot by Travis Zajac.
10:15 of 1st period - Shot Misses the Net.
11:29 of 1st period - Shot by Keith Yandle.
11:29 of 1st period - Shot Blocked by Daniel Briere.
11:33 of 1st period - Shot by Sergei Kostitsyn.
11:33 of 1st period - Shot Misses the Net.
11:35 of 1st period - Shot by Paul Martin.
11:35 of 1st period - Shot Blocked by Daniel Briere.
11:39 of 1st period - Shot by Travis Zajac.
11:39 of 1st period - Stopped by Antti Niemi without a rebound.
11:40 of 1st period - Justin Abdelkader wins face-off versus Nik Antropov in Avalanche zone.
12:11 of 1st period - Shot by Jamie Langenbrunner.
12:11 of 1st period - Shot Misses the Net.
12:15 of 1st period - Shot by Jamie Langenbrunner.
12:15 of 1st period - Shot Misses the Net.
12:17 of 1st period - Shot by Nate Thompson.
12:17 of 1st period - Shot Blocked by Michael Del Zotto.
12:35 of 1st period - Shot by Nate Thompson.
12:35 of 1st period - Shot Misses the Net.
12:37 of 1st period - Shot by Nate Thompson.
12:37 of 1st period - Stopped by Antti Niemi with a rebound.
12:48 of 1st period - Johan Franzen is hit by Brian Campbell and loses puck.
12:54 of 1st period - Brian Campbell is hit by Johan Franzen and loses puck.
13:06 of 1st period - Shot by Alexandre Burrows.
13:06 of 1st period - Stopped by Antti Niemi without a rebound.
13:07 of 1st period - Nik Antropov wins face-off versus Shawn Horcoff in Avalanche zone.
13:12 of 1st period - Shot by Sergei Kostitsyn.
13:12 of 1st period - Goal by Sergei Kostitsyn - RedWings : 1 - Avalanche : 2.
13:13 of 1st period - Bryan Bickell wins face-off versus Nik Antropov in neutral zone.
13:13 of 1st period - Tomas Kopecky is hit by Ray Whitney and loses puck.
13:26 of 1st period - Shot by Justin Abdelkader.
13:26 of 1st period - Shot Misses the Net.
13:29 of 1st period - Minor Penalty to Ryan Whitney for Interference.
13:30 of 1st period - Daniel Briere wins face-off versus Nate Thompson in RedWings zone.
13:31 of 1st period - Shot by Teemu Selanne.
13:31 of 1st period - Stopped by Roberto Luongo without a rebound.
13:32 of 1st period - Daniel Briere wins face-off versus Kris Draper in RedWings zone.
13:35 of 1st period - Shot by Daniel Briere.
13:35 of 1st period - Shot Misses the Net.
14:27 of 1st period - Shot by T.J. Oshie.
14:27 of 1st period - Stopped by Roberto Luongo without a rebound.
14:28 of 1st period - Kris Draper wins face-off versus Olli Jokinen in RedWings zone.
15:19 of 1st period - Shot by Teemu Selanne.
15:19 of 1st period - Stopped by Roberto Luongo without a rebound.
15:20 of 1st period - Nate Thompson wins face-off versus Daniel Briere in RedWings zone.
16:28 of 1st period - Travis Zajac is hit by Daniel Briere and loses puck.
16:39 of 1st period - Shot by Teemu Selanne.
16:39 of 1st period - Shot Misses the Net.
16:41 of 1st period - Shot by Daniel Briere.
16:41 of 1st period - Stopped by Roberto Luongo without a rebound.
16:42 of 1st period - Olli Jokinen wins face-off versus Nate Thompson in RedWings zone.
16:42 of 1st period - Minor Penalty to Eric Brewer for Roughing.
16:43 of 1st period - Olli Jokinen wins face-off versus Nate Thompson in RedWings zone.
16:46 of 1st period - Shot by Olli Jokinen.
16:46 of 1st period - Shot Misses the Net.
16:58 of 1st period - Shot by Olli Jokinen.
16:58 of 1st period - Stopped by Roberto Luongo with a rebound.
18:16 of 1st period - Shot by Johan Franzen.
18:16 of 1st period - Stopped by Roberto Luongo with a rebound.
18:18 of 1st period - Shot by Daniel Briere.
18:18 of 1st period - Stopped by Roberto Luongo without a rebound.
18:19 of 1st period - Nate Thompson wins face-off versus Teemu Selanne in RedWings zone.
18:32 of 1st period - Shot by John Carlson.
18:32 of 1st period - Stopped by Roberto Luongo with a rebound.
18:34 of 1st period - Shot by John Carlson.
18:34 of 1st period - Shot Misses the Net.
18:36 of 1st period - Shot by John Carlson.
18:36 of 1st period - Shot Blocked by Pavel Kubina.
18:40 of 1st period - Shot by Daniel Briere.
18:40 of 1st period - Goal by Daniel Briere - RedWings : 1 - Avalanche : 3.
18:41 of 1st period - Nate Thompson wins face-off versus Linus Omark in neutral zone.
18:55 of 1st period - Jamie Langenbrunner is hit by Paul Mara and loses puck.
19:30 of 1st period - Icing by Eric Brewer.
19:31 of 1st period - Justin Abdelkader wins face-off versus Nate Thompson in RedWings zone.
19:49 of 1st period - Nik Antropov is hit by Jason Demers and loses puck.

Period #2

0:01 of 2nd period - Daniel Briere wins face-off versus Nik Antropov in neutral zone.
0:16 of 2nd period - Shot by T.J. Oshie.
0:16 of 2nd period - Stopped by Roberto Luongo without a rebound.
0:17 of 2nd period - Travis Zajac wins face-off versus Olli Jokinen in RedWings zone.
0:17 of 2nd period - Alexandre Burrows is hit by Johan Franzen and loses puck.
0:22 of 2nd period - Minor Penalty to Johan Franzen for Hooking.
0:23 of 2nd period - Travis Zajac wins face-off versus Justin Abdelkader in Avalanche zone.
1:35 of 2nd period - Shot by Nik Antropov.
1:35 of 2nd period - Shot Misses the Net.
1:37 of 2nd period - Shot by Alexandre Burrows.
1:37 of 2nd period - Goal by Alexandre Burrows - RedWings : 2 - Avalanche : 3.
1:38 of 2nd period - Nate Thompson wins face-off versus Olli Jokinen in neutral zone.
3:20 of 2nd period - Minor Penalty to Michael Del Zotto for Roughing.
3:21 of 2nd period - Justin Abdelkader wins face-off versus Alexandre Burrows in Avalanche zone.
3:21 of 2nd period - Justin Abdelkader is hit by Curtis Glencross.
3:35 of 2nd period - Shot by Ryan Whitney.
3:35 of 2nd period - Stopped by Antti Niemi without a rebound.
3:36 of 2nd period - Justin Abdelkader wins face-off versus Travis Zajac in Avalanche zone.
4:30 of 2nd period - Shot by Curtis Glencross.
4:30 of 2nd period - Stopped by Antti Niemi without a rebound.
4:31 of 2nd period - Nik Antropov wins face-off versus T.J. Oshie in Avalanche zone.
4:36 of 2nd period - Shot by Alexandre Burrows.
4:36 of 2nd period - Shot Blocked by Jason Demers.
4:38 of 2nd period - Shot by Ryan Whitney.
4:38 of 2nd period - Stopped by Antti Niemi without a rebound.
4:39 of 2nd period - Justin Abdelkader wins face-off versus Travis Zajac in Avalanche zone.
5:04 of 2nd period - Shot by Ray Whitney.
5:04 of 2nd period - Shot Misses the Net.
5:06 of 2nd period - Shot by Travis Zajac.
5:06 of 2nd period - Stopped by Antti Niemi with a rebound.
5:09 of 2nd period - Minor Penalty to Daniel Briere for Hooking.
5:10 of 2nd period - Nik Antropov wins face-off versus Teemu Selanne in Avalanche zone.
5:15 of 2nd period - Shot by Alexandre Burrows.
5:15 of 2nd period - Shot Blocked by Jason Demers.
5:19 of 2nd period - Shot by Alexandre Burrows.
5:19 of 2nd period - Stopped by Antti Niemi without a rebound.
5:20 of 2nd period - T.J. Oshie wins face-off versus Alexandre Burrows in Avalanche zone.
5:31 of 2nd period - Shot by Keith Yandle.
5:31 of 2nd period - Stopped by Antti Niemi without a rebound.
5:32 of 2nd period - Nik Antropov wins face-off versus T.J. Oshie in Avalanche zone.
7:14 of 2nd period - Shot by Jamie Langenbrunner.
7:14 of 2nd period - Shot Misses the Net.
7:16 of 2nd period - Shot by Pavel Kubina.
7:16 of 2nd period - Shot Misses the Net.
7:18 of 2nd period - Shot by Nate Thompson.
7:18 of 2nd period - Stopped by Antti Niemi without a rebound.
7:19 of 2nd period - Nate Thompson wins face-off versus Daniel Briere in Avalanche zone.
7:19 of 2nd period - Jamie Langenbrunner is hit by Michael Del Zotto and loses puck.
7:52 of 2nd period - Shot by Daniel Briere.
7:52 of 2nd period - Goal by Daniel Briere - RedWings : 2 - Avalanche : 4.
7:53 of 2nd period - Nik Antropov wins face-off versus Johan Franzen in neutral zone.
7:55 of 2nd period - Keith Yandle is hit by Johan Franzen and loses puck.
8:07 of 2nd period - Sergei Kostitsyn is hit by Kevin Klein and loses puck.
8:13 of 2nd period - Sergei Kostitsyn is hit by Kevin Klein.
8:18 of 2nd period - Sergei Kostitsyn is hit by Kevin Klein and loses puck.
8:54 of 2nd period - Shot by Shawn Horcoff.
8:54 of 2nd period - Stopped by Roberto Luongo with a rebound.
9:04 of 2nd period - Shot by Shawn Horcoff.
9:04 of 2nd period - Stopped by Roberto Luongo without a rebound.
9:05 of 2nd period - Daniel Briere wins face-off versus Nate Thompson in RedWings zone.
9:54 of 2nd period - Icing by John Carlson.
9:55 of 2nd period - Travis Zajac wins face-off versus Daniel Briere in Avalanche zone.
10:37 of 2nd period - Shawn Horcoff is hit by Paul Martin and loses puck.
11:57 of 2nd period - Shot by Milan Hejduk.
11:57 of 2nd period - Shot Misses the Net.
12:01 of 2nd period - Shot by Milan Hejduk.
12:01 of 2nd period - Shot Blocked by Eric Brewer.
12:05 of 2nd period - Shot by Johan Franzen.
12:05 of 2nd period - Shot Blocked by Pavel Kubina.
12:29 of 2nd period - Icing by Curtis Glencross.
12:30 of 2nd period - Justin Abdelkader wins face-off versus Nate Thompson in RedWings zone.
12:47 of 2nd period - Shot by Tomas Kopecky.
12:47 of 2nd period - Stopped by Roberto Luongo without a rebound.
12:48 of 2nd period - Nik Antropov wins face-off versus Daniel Briere in RedWings zone.
13:01 of 2nd period - Shot by Keith Yandle.
13:01 of 2nd period - Stopped by Antti Niemi without a rebound.
13:02 of 2nd period - Shawn Horcoff wins face-off versus Travis Zajac in Avalanche zone.
14:00 of 2nd period - Icing by Paul Mara.
14:01 of 2nd period - Shawn Horcoff wins face-off versus Nik Antropov in Avalanche zone.
14:01 of 2nd period - Shawn Horcoff is hit by Nik Antropov.
14:04 of 2nd period - Icing by Linus Omark.
14:05 of 2nd period - Shawn Horcoff wins face-off versus Ray Whitney in Avalanche zone.
14:17 of 2nd period - Shot by Ray Whitney.
14:17 of 2nd period - Stopped by Antti Niemi without a rebound.
14:18 of 2nd period - Daniel Briere wins face-off versus Nate Thompson in Avalanche zone.
14:43 of 2nd period - Shot by T.J. Oshie.
14:43 of 2nd period - Shot Misses the Net.
14:51 of 2nd period - Shot by Eric Brewer.
14:51 of 2nd period - Stopped by Antti Niemi with a rebound.
15:04 of 2nd period - Minor Penalty to Michael Del Zotto for Holding.
15:05 of 2nd period - Travis Zajac wins face-off versus Justin Abdelkader in Avalanche zone.
15:24 of 2nd period - Shot by Sergei Kostitsyn.
15:24 of 2nd period - Shot Misses the Net.
15:26 of 2nd period - Shot by Travis Zajac.
15:26 of 2nd period - Deflect By Ray Whitney.
15:26 of 2nd period - Stopped by Antti Niemi with a rebound.
15:28 of 2nd period - Shot by Paul Martin.
15:28 of 2nd period - Stopped by Antti Niemi without a rebound.
15:29 of 2nd period - Nik Antropov wins face-off versus Justin Abdelkader in Avalanche zone.
15:34 of 2nd period - Shot by Nik Antropov.
15:34 of 2nd period - Shot Misses the Net.
15:38 of 2nd period - Shot by Ryan Whitney.
15:38 of 2nd period - Stopped by Antti Niemi without a rebound.
15:39 of 2nd period - Nik Antropov wins face-off versus T.J. Oshie in Avalanche zone.
15:42 of 2nd period - Shot by Keith Yandle.
15:42 of 2nd period - Stopped by Antti Niemi with a rebound.
15:44 of 2nd period - Shot by Alexandre Burrows.
15:44 of 2nd period - Stopped by Antti Niemi without a rebound.
15:45 of 2nd period - T.J. Oshie wins face-off versus Travis Zajac in Avalanche zone.
16:45 of 2nd period - Shot by Nik Antropov.
16:45 of 2nd period - Shot Misses the Net.
17:08 of 2nd period - Shot by Nate Thompson.
17:08 of 2nd period - Goal by Nate Thompson - RedWings : 3 - Avalanche : 4.
17:09 of 2nd period - Nate Thompson wins face-off versus Olli Jokinen in neutral zone.
17:14 of 2nd period - Off-side.
17:15 of 2nd period - Johan Franzen wins face-off versus Nate Thompson in neutral zone.
17:15 of 2nd period - Johan Franzen is hit by Jamie Langenbrunner.
17:34 of 2nd period - Shot by Nate Thompson.
17:34 of 2nd period - Shot Misses the Net.
18:12 of 2nd period - Off-side.
18:13 of 2nd period - Shawn Horcoff wins face-off versus Nik Antropov in neutral zone.
18:15 of 2nd period - Off-side.
18:16 of 2nd period - Shawn Horcoff wins face-off versus Nik Antropov in neutral zone.
19:29 of 2nd period - Shot by Zach Parise.
19:29 of 2nd period - Shot Misses the Net.

Period #3

0:01 of 3rd period - Daniel Briere wins face-off versus Nik Antropov in neutral zone.
0:37 of 3rd period - Icing by John Carlson.
0:38 of 3rd period - Daniel Briere wins face-off versus Travis Zajac in Avalanche zone.
0:53 of 3rd period - Shot by Zach Parise.
0:53 of 3rd period - Shot Hit the Post.
1:42 of 3rd period - Icing by Eric Brewer.
1:43 of 3rd period - Olli Jokinen wins face-off versus Nate Thompson in RedWings zone.
1:54 of 3rd period - Shot by Johan Franzen.
1:54 of 3rd period - Stopped by Roberto Luongo with a rebound.
1:58 of 3rd period - Shot by Johan Franzen.
1:58 of 3rd period - Stopped by Roberto Luongo with a rebound.
2:02 of 3rd period - Shot by Kevin Shattenkirk.
2:02 of 3rd period - Stopped by Roberto Luongo without a rebound.
2:03 of 3rd period - Shawn Horcoff wins face-off versus Nik Antropov in RedWings zone.
2:16 of 3rd period - Minor Penalty to Paul Mara for Holding.
2:17 of 3rd period - Justin Abdelkader wins face-off versus Travis Zajac in Avalanche zone.
2:22 of 3rd period - Paul Martin is hit by Justin Abdelkader.
2:25 of 3rd period - Icing by Brian Campbell.
2:26 of 3rd period - Travis Zajac wins face-off versus Justin Abdelkader in RedWings zone.
2:45 of 3rd period - Shot by Brian Campbell.
2:45 of 3rd period - Shot Misses the Net.
2:49 of 3rd period - Shot by Sergei Kostitsyn.
2:49 of 3rd period - Stopped by Antti Niemi with a rebound.
2:53 of 3rd period - Shot by Sergei Kostitsyn.
2:53 of 3rd period - Goal by Sergei Kostitsyn - RedWings : 4 - Avalanche : 4.
2:54 of 3rd period - Nate Thompson wins face-off versus Shawn Horcoff in neutral zone.
3:18 of 3rd period - Shot by Paul Mara.
3:18 of 3rd period - Shot Misses the Net.
3:20 of 3rd period - Shot by Mike Knuble.
3:20 of 3rd period - Shot Blocked by Eric Brewer.
3:24 of 3rd period - Shot by Mike Knuble.
3:24 of 3rd period - Shot Blocked by Jamie Langenbrunner.
3:26 of 3rd period - Shot by Mike Knuble.
3:26 of 3rd period - Shot Blocked by Eric Brewer.
3:50 of 3rd period - Ryan Whitney is hit by Johan Franzen and loses puck.
4:02 of 3rd period - Nik Antropov is hit by Kevin Klein.
4:18 of 3rd period - Shot by Nik Antropov.
4:18 of 3rd period - Shot Misses the Net.
4:42 of 3rd period - Paul Martin is hit by Kevin Klein and loses puck.
4:49 of 3rd period - Shot by Alexandre Burrows.
4:49 of 3rd period - Stopped by Antti Niemi without a rebound.
4:50 of 3rd period - Daniel Briere wins face-off versus Kris Draper in Avalanche zone.
5:13 of 3rd period - Shot by John Carlson.
5:13 of 3rd period - Stopped by Roberto Luongo with a rebound.
5:15 of 3rd period - Shot by Daniel Briere.
5:15 of 3rd period - Shot Misses the Net.
5:17 of 3rd period - Shot by John Carlson.
5:17 of 3rd period - Shot Misses the Net.
5:19 of 3rd period - Shot by John Carlson.
5:19 of 3rd period - Stopped by Roberto Luongo without a rebound.
5:20 of 3rd period - Shawn Horcoff wins face-off versus Nate Thompson in RedWings zone.
5:21 of 3rd period - Shot by Mike Knuble.
5:21 of 3rd period - Shot Misses the Net.
5:32 of 3rd period - Nate Thompson is hit by Mike Knuble and loses puck.
6:17 of 3rd period - T.J. Oshie is hit by Sergei Kostitsyn and loses puck.
6:29 of 3rd period - Sergei Kostitsyn is hit by Michael Del Zotto and loses puck.
6:32 of 3rd period - Shot by Sergei Kostitsyn.
6:32 of 3rd period - Deflect By Nik Antropov.
6:32 of 3rd period - Stopped by Antti Niemi without a rebound.
6:33 of 3rd period - Travis Zajac wins face-off versus Justin Abdelkader in Avalanche zone.
6:34 of 3rd period - Shot by Alexandre Burrows.
6:34 of 3rd period - Stopped by Antti Niemi with a rebound.
7:38 of 3rd period - Shot by T.J. Oshie.
7:38 of 3rd period - Shot Misses the Net.
7:40 of 3rd period - Shot by Teemu Selanne.
7:40 of 3rd period - Stopped by Roberto Luongo with a rebound.
7:42 of 3rd period - Shot by Daniel Briere.
7:42 of 3rd period - Shot Misses the Net.
7:46 of 3rd period - Shot by Teemu Selanne.
7:46 of 3rd period - Stopped by Roberto Luongo with a rebound.
8:01 of 3rd period - Icing by Kevin Klein.
8:02 of 3rd period - Olli Jokinen wins face-off versus Nate Thompson in Avalanche zone.
8:11 of 3rd period - Shot by Olli Jokinen.
8:11 of 3rd period - Deflect By Johan Franzen.
8:11 of 3rd period - Stopped by Roberto Luongo without a rebound.
8:12 of 3rd period - Shawn Horcoff wins face-off versus Nik Antropov in RedWings zone.
8:13 of 3rd period - Shot by Linus Omark.
8:13 of 3rd period - Stopped by Roberto Luongo without a rebound.
8:14 of 3rd period - Shawn Horcoff wins face-off versus Nik Antropov in RedWings zone.
8:26 of 3rd period - Shot by Mike Knuble.
8:26 of 3rd period - Shot Misses the Net.
8:31 of 3rd period - Minor Penalty to Ryan Whitney for Hooking.
8:32 of 3rd period - Kris Draper wins face-off versus T.J. Oshie in RedWings zone.
8:56 of 3rd period - Olli Jokinen is hit by Eric Brewer and loses puck.
8:59 of 3rd period - Shot by Kevin Klein.
8:59 of 3rd period - Shot Misses the Net.
9:03 of 3rd period - Shot by Milan Hejduk.
9:03 of 3rd period - Shot Blocked by Keith Yandle.
9:05 of 3rd period - Shot by Kevin Klein.
9:05 of 3rd period - Shot Misses the Net.
9:07 of 3rd period - Shot by Kevin Klein.
9:07 of 3rd period - Stopped by Roberto Luongo without a rebound.
9:08 of 3rd period - Daniel Briere wins face-off versus Nate Thompson in RedWings zone.
9:10 of 3rd period - Teemu Selanne is hit by Pavel Kubina and loses puck.
10:44 of 3rd period - Shot by Mike Knuble.
10:44 of 3rd period - Shot Misses the Net.
10:48 of 3rd period - Shot by Jason Demers.
10:48 of 3rd period - Stopped by Roberto Luongo with a rebound.
10:50 of 3rd period - Shot by Jason Demers.
10:50 of 3rd period - Shot Misses the Net.
10:54 of 3rd period - Shot by Jason Demers.
10:54 of 3rd period - Shot Misses the Net.
10:56 of 3rd period - Shot by Paul Mara.
10:56 of 3rd period - Stopped by Roberto Luongo without a rebound.
10:57 of 3rd period - Justin Abdelkader wins face-off versus Nate Thompson in RedWings zone.
10:58 of 3rd period - Shot by Bryan Bickell.
10:58 of 3rd period - Shot Misses the Net.
11:09 of 3rd period - Pavel Kubina is hit by Kevin Shattenkirk and loses puck.
11:30 of 3rd period - Justin Abdelkader is hit by Jamie Langenbrunner and loses puck.
11:58 of 3rd period - Minor Penalty to Paul Mara for Holding.
11:59 of 3rd period - T.J. Oshie wins face-off versus Travis Zajac in Avalanche zone.
12:14 of 3rd period - Shot by Paul Martin.
12:14 of 3rd period - Shot Blocked by Mike Knuble.
12:18 of 3rd period - Shot by Ray Whitney.
12:18 of 3rd period - Stopped by Antti Niemi without a rebound.
12:19 of 3rd period - Nik Antropov wins face-off versus Justin Abdelkader in Avalanche zone.
12:30 of 3rd period - Shot by Keith Yandle.
12:30 of 3rd period - Shot Misses the Net.
13:01 of 3rd period - Icing by Sergei Kostitsyn.
13:02 of 3rd period - Travis Zajac wins face-off versus Justin Abdelkader in RedWings zone.
13:08 of 3rd period - Shot by Brian Campbell.
13:08 of 3rd period - Shot Blocked by John Carlson.
13:10 of 3rd period - Shot by Ray Whitney.
13:10 of 3rd period - Stopped by Antti Niemi without a rebound.
13:11 of 3rd period - Justin Abdelkader wins face-off versus Travis Zajac in Avalanche zone.
13:11 of 3rd period - John Carlson is hit by Zach Parise and loses puck.
14:10 of 3rd period - Shot by Milan Hejduk.
14:10 of 3rd period - Stopped by Roberto Luongo without a rebound.
14:11 of 3rd period - Nate Thompson wins face-off versus Shawn Horcoff in RedWings zone.
14:35 of 3rd period - Icing by Paul Mara.
14:36 of 3rd period - Travis Zajac wins face-off versus Shawn Horcoff in Avalanche zone.
14:46 of 3rd period - Shot by Travis Zajac.
14:46 of 3rd period - Stopped by Antti Niemi without a rebound.
14:47 of 3rd period - Olli Jokinen wins face-off versus Nik Antropov in Avalanche zone.
15:03 of 3rd period - Shot by Milan Hejduk.
15:03 of 3rd period - Shot Misses the Net.
15:05 of 3rd period - Shot by Kevin Shattenkirk.
15:05 of 3rd period - Shot Misses the Net.
15:07 of 3rd period - Shot by Olli Jokinen.
15:07 of 3rd period - Stopped by Roberto Luongo with a rebound.
15:11 of 3rd period - Shot by Milan Hejduk.
15:11 of 3rd period - Stopped by Roberto Luongo with a rebound.
15:15 of 3rd period - Shot by Olli Jokinen.
15:15 of 3rd period - Stopped by Roberto Luongo with a rebound.
15:17 of 3rd period - Shot by Johan Franzen.
15:17 of 3rd period - Stopped by Roberto Luongo without a rebound.
15:18 of 3rd period - Travis Zajac wins face-off versus Daniel Briere in RedWings zone.
15:18 of 3rd period - Travis Zajac is hit by T.J. Oshie.
15:53 of 3rd period - Shot by Teemu Selanne.
15:53 of 3rd period - Stopped by Roberto Luongo without a rebound.
15:54 of 3rd period - Nik Antropov wins face-off versus Olli Jokinen in RedWings zone.
16:07 of 3rd period - Shot by Ray Whitney.
16:07 of 3rd period - Stopped by Antti Niemi with a rebound.
16:25 of 3rd period - Keith Yandle is hit by Johan Franzen and loses puck.
16:37 of 3rd period - Icing by Keith Yandle.
16:38 of 3rd period - Shawn Horcoff wins face-off versus Nik Antropov in RedWings zone.
17:02 of 3rd period - Shot by Shawn Horcoff.
17:02 of 3rd period - Stopped by Roberto Luongo without a rebound.
17:03 of 3rd period - Nate Thompson wins face-off versus Daniel Briere in RedWings zone.
17:17 of 3rd period - Daniel Briere is hit by Pavel Kubina and loses puck.
18:01 of 3rd period - Off-side.
18:02 of 3rd period - Shawn Horcoff wins face-off versus Travis Zajac in neutral zone.
18:15 of 3rd period - Shot by Shawn Horcoff.
18:15 of 3rd period - Shot Misses the Net.
18:17 of 3rd period - Shot by Paul Mara.
18:17 of 3rd period - Shot Misses the Net.
18:21 of 3rd period - Shot by Mike Knuble.
18:21 of 3rd period - Shot Misses the Net.
18:23 of 3rd period - Shot by Jason Demers.
18:23 of 3rd period - Stopped by Roberto Luongo with a rebound.
18:27 of 3rd period - Shot by Shawn Horcoff.
18:27 of 3rd period - Shot Blocked by Paul Martin.
18:33 of 3rd period - Shot by Linus Omark.
18:33 of 3rd period - Stopped by Roberto Luongo without a rebound.
18:34 of 3rd period - Travis Zajac wins face-off versus Olli Jokinen in RedWings zone.
18:34 of 3rd period - Travis Zajac is hit by Olli Jokinen.
19:03 of 3rd period - Minor Penalty to Kevin Shattenkirk for Goalie Interference.
19:04 of 3rd period - Nik Antropov wins face-off versus Justin Abdelkader in Avalanche zone.
19:15 of 3rd period - Shot by Nik Antropov.
19:15 of 3rd period - Stopped by Antti Niemi without a rebound.
19:16 of 3rd period - T.J. Oshie wins face-off versus Nik Antropov in Avalanche zone.
19:26 of 3rd period - Off-side.
19:27 of 3rd period - Nik Antropov wins face-off versus Justin Abdelkader in neutral zone.
19:32 of 3rd period - Tomas Kopecky is hit by Ray Whitney and loses puck.
19:41 of 3rd period - Shot by Ray Whitney.
19:41 of 3rd period - Stopped by Antti Niemi without a rebound.
19:42 of 3rd period - T.J. Oshie wins face-off versus Travis Zajac in Avalanche zone.
19:42 of 3rd period - T.J. Oshie is hit by Sergei Kostitsyn.

Overtime #1

0:01 of 1st overtime period - Teemu Selanne wins face-off versus Nik Antropov in neutral zone.
1:02 of 1st overtime period - Icing by Travis Zajac.
1:03 of 1st overtime period - Travis Zajac wins face-off versus Milan Hejduk in RedWings zone.
1:52 of 1st overtime period - Icing by John Carlson.
1:53 of 1st overtime period - Milan Hejduk wins face-off versus Nik Antropov in Avalanche zone.
2:17 of 1st overtime period - Shot by Teemu Selanne.
2:17 of 1st overtime period - Stopped by Roberto Luongo without a rebound.
2:18 of 1st overtime period - Sergei Kostitsyn wins face-off versus Daniel Briere in RedWings zone.
2:28 of 1st overtime period - Shot by Paul Martin.
2:28 of 1st overtime period - Stopped by Antti Niemi without a rebound.
2:29 of 1st overtime period - Travis Zajac wins face-off versus Teemu Selanne in Avalanche zone.
3:39 of 1st overtime period - Icing by Paul Mara.
3:40 of 1st overtime period - Milan Hejduk wins face-off versus Curtis Glencross in Avalanche zone.
3:40 of 1st overtime period - Milan Hejduk is hit by Zach Parise.
4:39 of 1st overtime period - Shot by Brian Campbell.
4:39 of 1st overtime period - Shot Misses the Net.
4:43 of 1st overtime period - Shot by Alexandre Burrows.
4:43 of 1st overtime period - Stopped by Antti Niemi without a rebound.
4:44 of 1st overtime period - Travis Zajac wins face-off versus Milan Hejduk in Avalanche zone.

ShootOut

ShootOut - Penalty Shot by Alexandre Burrows for RedWings.
ShootOut - Stopped by Antti Niemi.
ShootOut - Penalty Shot by Teemu Selanne for Avalanche.
ShootOut - Stopped by Roberto Luongo.
ShootOut - Penalty Shot by Zach Parise for RedWings.
ShootOut - Goal by Zach Parise.
ShootOut - Penalty Shot by Daniel Briere for Avalanche.
ShootOut - Stopped by Roberto Luongo.
ShootOut - Penalty Shot by Curtis Glencross for RedWings.
ShootOut - Shot Misses the Net.
ShootOut - Penalty Shot by Milan Hejduk for Avalanche.
ShootOut - Goal by Milan Hejduk.
ShootOut - Penalty Shot by Ray Whitney for RedWings.
ShootOut - Shot Misses the Net.
ShootOut - Penalty Shot by Johan Franzen for Avalanche.
ShootOut - Stopped by Roberto Luongo.
ShootOut - Penalty Shot by Nik Antropov for RedWings.
ShootOut - Stopped by Antti Niemi.
ShootOut - Penalty Shot by T.J. Oshie for Avalanche.
ShootOut - Stopped by Roberto Luongo.
ShootOut - Penalty Shot by Sergei Kostitsyn for RedWings.
ShootOut - Goal by Sergei Kostitsyn.
ShootOut - Penalty Shot by Mike Knuble for Avalanche.
ShootOut - Goal by Mike Knuble.
ShootOut - Penalty Shot by Brett Clark for RedWings.
ShootOut - Goal by Brett Clark.
ShootOut - Penalty Shot by Olli Jokinen for Avalanche.
ShootOut - Goal by Olli Jokinen.
ShootOut - Penalty Shot by Eric Brewer for RedWings.
ShootOut - Stopped by Antti Niemi.
ShootOut - Penalty Shot by Shawn Horcoff for Avalanche.
ShootOut - Goal by Shawn Horcoff.


Output by the SimonT Hockey Simulator (STHS) for Stephane Roy -- Original Page W3C XHTML 1.0 Valid